 Dungeon Crawl Stone Soup version 0.29.0-4-gdea44cf6ec (webtiles) character file.

Game seed: 3234684001706534829

248 qw the Chopper (level 6, -5/38 HPs)
             Began as a Gargoyle Fighter on Sept 10, 2022.
             Slain by an ogre
             ... wielding a +0 giant club
              (15 damage)
             ... on level 4 of the Dungeon.
             The game lasted 00:00:52 (2468 turns).

qw the Chopper (Gargoyle Fighter)                   Turns: 2468, Time: 00:00:53

Health: -5/38      AC: 20    Str: 22    XL:     6   Next: 12%
Magic:  6/6        EV:  9    Int:  8    God:
Gold:   41         SH:  4    Dex:  9    Spells: 5/5 levels left

rFire   . . .      SeeInvis .   Y - +1 war axe (protect)
rCold   . . .      Faith    .   c - +0 buckler
rNeg    + . .      Spirit   .   b - +0 scale mail
rPois   inf        Reflect  .   (no helmet)
rElec   +          Harm     .   g - +1 cloak
rCorr   .          Rampage  .   (no gloves)
Will    .....                   (no boots)
Stlth   ..........              (no amulet)
HPRegen 0.12/turn               (no ring)
MPRegen 0.10/turn               (no ring)

@: under a protective aura
A: sickness immunity, AC +4, negative energy resistance 1, electricity
resistance, torment resistance 1, petrification resistance
a: no special abilities


You were on level 4 of the Dungeon.
You visited 1 branch of the dungeon, and saw 4 of its levels.

You collected 167 gold pieces.
You spent 126 gold pieces at shops.


Innate Abilities, Weirdness & Mutations

You are immune to sickness and miasma.
Your stone body is resilient. (AC +4)
You are immune to poison.
You resist negative energy. (rN+)
You are resistant to electric shocks. (rElec)
You are resistant to unholy torment.
You are immune to petrification.


   Skills:
 + Level 3.7 Fighting
 - Level 5.4 Axes
 - Level 3.2 Armour
 - Level 3.2 Shields


You had 5 spell levels left.
You didn't know any spells.
Your spell library was empty.

Inventory:

Hand Weapons
 e - a +0 flail
 Y - a +1 war axe of protection (weapon)
Armour
 b - a +0 scale mail (worn)
 c - a +0 buckler (worn)
 g - a +1 cloak (worn)
Scrolls
 f - a scroll of identify
 m - 2 scrolls of teleportation
Potions
 d - 2 potions of might
 h - a potion of heal wounds
 k - a potion of lignification {unknown}

Dungeon Overview and Level Annotations

Branches:
Dungeon (4/15)
 Temple: D:4-7

Altars:
Elyvilon
Gozag
Kikubaaqudgha
Makhleb
Sif Muna
Yredelemnul

Shops:
D:3 ?


Message History

You hear some strange, mumbled words.
A puff of flame appears from out of thin air!
The puff of flame hits you but does no damage.
The orc priest hits you but does no damage. x2
The ogre barely misses you.
You barely miss the orc priest.
The orc priest is severely wounded.
You hit something.
Reactivating autopickup.
You feel a bit more experienced.
You hit the ogre. You closely miss the orc priest.
The orc priest calls upon Beogh to heal the orc priest.
The orc priest is healed somewhat.
The ogre closely misses you.
You barely miss the orc priest.
The orc priest is heavily wounded.
You hit the orc priest but do no damage.
You slash the ogre! You block the orc priest's attack.
The orc priest closely misses you.
You hit the ogre.
The ogre is almost dead.
You closely miss the hobgoblin. You closely miss the orc priest. x2
You block the orc priest's attack.
The orc priest hits you but does no damage.
The hobgoblin hits you but does no damage.
The ogre hits you but does no damage. The orc priest closely misses you.
The orc priest begins to cast a cantrip, but forgets the words!
The hobgoblin completely misses you.
You closely miss the ogre.
The ogre is almost dead.
You closely miss the orc priest. You hit the hobgoblin.
You barely miss the orc priest. The ogre hits you but does no damage.
The orc priest hits you but does no damage.
The hobgoblin closely misses you. The orc priest hits you with a +0 club.
You barely miss the ogre.
The ogre is almost dead.
You barely miss the orc priest. You hit the orc priest.
You hit the hobgoblin but do no damage. The ogre hits you with a +0 giant club!
You die...

.. .... ....
########...
####........#+##
................
.......o........
......goO........
......o@o.......
####..##.####..#
#+## #..
#.####.^##...#
...
+...#.........
....
#...#.........
....
#...#...........
....
#...'...........
#...#............
#...#........##..


You could see an ogre, 2 orc priests, 2 orcs and a hobgoblin.

Vanquished Creatures
  A sky beast (D:4)
  An orc wizard (D:4)
  5 adders
  3 gnolls (D:2)
  2 worms (D:2)
  A dart slug (D:3)
  3 orcs
  A ball python (D:1)
  3 bats
  3 endoplasms (D:2)
  2 giant cockroaches
  6 goblins
  6 hobgoblins
  2 jackals (D:3)
  A quokka (D:2)
  A frilled lizard (D:1)
  5 kobolds
  6 rats
52 creatures vanquished.

Notes
Turn   | Place    | Note
-------+----------+-------------------------------------------
     0 | D:1      | qw the Gargoyle Fighter began the quest for the Orb.
     0 | D:1      | Reached XP level 1. HP: 14/14 MP: 1/1
     0 | D:1      | 0 ||| qw: Version: 0.1-a-116-g5d60599
     0 | D:1      | 0 ||| qw: Game counter: 7572
     0 | D:1      | 0 ||| qw: Always use a shield: true
     0 | D:1      | 0 ||| qw: God list: Okawaru
     0 | D:1      | 0 ||| qw: Allow faded altars: false
     0 | D:1      | 0 ||| qw: Do Orc after D:15 true
     0 | D:1      | 0 ||| qw: Do second Lair branch before Depths: true
     0 | D:1      | 0 ||| qw: Lair rune preference: random
     0 | D:1      | 0 ||| qw: Plans: Normal, Zot, God:TSO, Crypt, Tomb, Zig,
                  | Orb
     0 | D:1      | 0 ||| PLANNING D:1-11
    44 | D:1      | Reached skill level 2 in Axes
   259 | D:1      | Reached XP level 2. HP: 19/19 MP: 2/2
   309 | D:1      | 309 ||| Stepping ~*~*~tactically~*~*~ (stealth).
   705 | D:1      | 705 ||| READING scroll labelled XUP LULUSMALOI.
   751 | D:1      | 751 ||| READING scroll labelled EPSUHOXTI.
   752 | D:1      | 752 ||| READING scroll labelled VOPLIA NACYECW.
   753 | D:1      | 753 ||| READING scroll labelled FAYMOEN LECURA.
   862 | D:2      | 862 ||| DROPPING +0 club.
   902 | D:2      | Reached skill level 3 in Axes
  1024 | D:2      | 1024 ||| Stepping ~*~*~tactically~*~*~ (stealth).
  1030 | D:2      | Reached XP level 3. HP: 23/23 MP: 3/3
  1038 | D:2      | 1038 ||| Stepping ~*~*~tactically~*~*~ (stealth).
  1039 | D:2      | 1039 ||| Stepping ~*~*~tactically~*~*~ (stealth).
  1106 | D:2      | 1106 ||| Stepping ~*~*~tactically~*~*~ (stealth).
  1107 | D:2      | 1107 ||| Stepping ~*~*~tactically~*~*~ (stealth).
  1108 | D:2      | 1108 ||| Stepping ~*~*~tactically~*~*~ (stealth).
  1127 | D:2      | 1127 ||| DROPPING +0 whip.
  1128 | D:2      | 1128 ||| Stepping ~*~*~tactically~*~*~ (stealth).
  1144 | D:2      | Reached XP level 4. HP: 28/28 MP: 4/4
  1151 | D:2      | 1151 ||| Stepping ~*~*~tactically~*~*~ (stealth).
  1152 | D:2      | 1152 ||| Stepping ~*~*~tactically~*~*~ (stealth).
  1154 | D:2      | Reached skill level 4 in Axes
  1162 | D:2      | 1162 ||| Stepping ~*~*~tactically~*~*~ (stealth).
  1193 | D:2      | 1193 ||| Stepping ~*~*~tactically~*~*~ (stealth).
  1494 | D:2      | 1494 ||| UPGRADING to +0 cloak.
  1499 | D:2      | 1499 ||| READING scroll labelled MUNAEM QISSUG.
  1500 | D:2      | 1500 ||| DRINKING 2 amethyst potions.
  1528 | D:3      | Found a basalt altar of Yredelemnul.
  1529 | D:3      | Found a shimmering blue altar of Sif Muna.
  1530 | D:3      | Found an ancient bone altar of Kikubaaqudgha.
  1530 | D:3      | Found a white marble altar of Elyvilon.
  1531 | D:3      | Found an opulent altar of Gozag.
  1531 | D:3      | Found a burning altar of Makhleb.
  1619 | D:3      | Found Ried's Magic Scroll Shop.
  1625 | D:3      | 1625 ||| SHOPLISTING scroll of acquirement (624 gold, have
                  | 149).
  1625 | D:3      | 1625 ||| BUYING scroll of enchant armour (90 gold).
  1625 | D:3      | Bought a scroll of enchant armour for 90 gold pieces
  1625 | D:3      | 1625 ||| SHOPLISTING scroll of enchant weapon (90 gold,
                  | have 59).
  1625 | D:3      | 1625 ||| BUYING scroll of teleportation (36 gold).
  1625 | D:3      | Bought a scroll of teleportation for 36 gold pieces
  1625 | D:3      | 1625 ||| READING scroll of enchant armour.
  1625 | D:3      | 1625 ||| ENCHANTING +0 cloak.
  1881 | D:3      | Reached XP level 5. HP: 32/32 MP: 5/5
  2367 | D:3      | 2367 ||| DROPPING ring of flight.
  2368 | D:3      | 2368 ||| READING scroll labelled BISHUT EKACHAY.
  2369 | D:3      | 2369 ||| READING scroll labelled WAEQIA ZUNTERR.
  2370 | D:3      | 2370 ||| READING 2 scrolls of identify.
  2370 | D:3      | 2370 ||| IDENTIFYING dark potion
  2371 | D:3      | 2371 ||| DROPPING potion of brilliance.
  2394 | D:4      | Noticed a sky beast
  2409 | D:4      | Killed a sky beast
  2410 | D:4      | Reached skill level 5 in Axes
  2452 | D:4      | 2452 ||| Stepping ~*~*~tactically~*~*~ (hiding).
  2456 | D:4      | Noticed an ogre
  2463 | D:4      | Reached XP level 6. HP: 13/37 MP: 6/6
  2468 | D:4      | Slain by an ogre

Levels and vault maps discovered:
D:1:      mrwooster_arrival_statue_2, layout_loops_ring
D:2:      layout_loops_cross
D:3:      layout_basic, grunt_temple_overflow_open, serial_shops,
          nicolae_shop_trees, feat_on_display
D:4:      layout_gridville, chequers_arboretum

Skill      XL: |  1  2  3  4  5 |
---------------+----------------+-----
Axes           | 2 3 4 5 |  5.4
Fighting       | |  3.7
Armour         | |  3.2
Shields        | |  3.2

Action                   |  1- 3 |  4- 6 || total
-------------------------+-------+-------++-------
Melee: War axe           |    75 |    87 ||   162
  Use: Scroll            |     4 |     5 ||     9
       Potion            |       |     1 ||     1
Armor: Scale mail        |    31 |    48 ||    79
Dodge: Dodged            |    32 |    37 ||    69
Block: Buckler           |    15 |     9 ||    24

Table legend:
 A = Non-vault XP
 B = Vault XP
 C = Vault XP percentage of total XP
 D = Non-vault monster count
 E = Vault monster count
 F = Vault count percentage of total count
                 A         B        C        D         E       F
            +---------+---------+-------+---------+---------+-------
      Total |     355 |       0 |   0.0 |      52 |       0 |   0.0
            +---------+---------+-------+---------+---------+-------
        D:1 |      21 |       0 |   0.0 |      13 |       0 |   0.0
        D:2 |     117 |       0 |   0.0 |      22 |       0 |   0.0
        D:3 |      47 |       0 |   0.0 |      12 |       0 |   0.0
        D:4 |     170 |       0 |   0.0 |       5 |       0 |   0.0
            +---------+---------+-------+---------+---------+-------
